 Dungeon Crawl Stone Soup version 0.30.1-9-gdf580d7c3d (webtiles) character file.

Game seed: 8169102261025941054

728 Legs the Cudgeller (level 7, -1/62 HPs)
             Began as a Minotaur Berserker on Oct 15, 2023.
             Was a Priest of Trog.
             Slain by a scorpion (2 damage)
             ... on level 5 of the Dungeon.
             The game lasted 00:12:01 (3732 turns).

Legs the Cudgeller (Minotaur Berserker)             Turns: 3732, Time: 00:12:01

Health: -1/62      AC:  4    Str: 30    XL:     7   Next: 44%
Magic:  6/6        EV: 13    Int:  4    God:    Trog [***...]
Gold:   170        SH:  0    Dex: 12    Spells: 6/6 levels left

rFire   + . .        g - +4 dire flail of Tevaotz {drain, *Corrode rC+ Dex+3 SInv}
rCold   . . .        (shield currently unavailable)
rNeg    . . .        e - +0 leather armour
rPois   .            (helmet restricted)
rElec   .            k - +0 cloak
rCorr   .            (no gloves)
SInv    +            (no boots)
Will    .....        (no amulet)
Stlth   +            l - +6 ring of strength
HPRegen 0.30/turn    n - ring of fire
MPRegen 0.10/turn

%: corrode self (3%)
@: lethally poisoned (-1 -> -8), about to teleport, marked
A: horns 2, retaliatory headbutt
a: Renounce Religion, Berserk, Trog's Hand


You were on level 5 of the Dungeon.
You worshipped Trog.
Trog was most pleased with you.
You visited 1 branch of the dungeon, and saw 5 of its levels.

You collected 170 gold pieces.

Inventory:

Hand Weapons
 g - the +4 dire flail of Tevaotz (weapon) {drain, *Corrode rC+ Dex+3 SInv}
   (You took it off a hobgoblin on level 2 of the Dungeon)

   Dex:       It affects your dexterity (+3).
   rC:        It protects you from cold.
   SInv:      It lets you see invisible.
   *Corrode:  It may corrode you when you take damage.
 h - a +1 hand axe of freezing
 i - a +0 hammer
 j - a +2 quarterstaff of chaos
 u - a +2 heavy hand axe
Missiles
 A - a throwing net (quivered)
Armour
 b - a +1 ring mail of fire resistance
 e - a +0 leather armour (worn)
 k - a +0 cloak (worn)
 x - a +0 ring mail
 y - a +0 scale mail
Jewellery
 l - a +6 ring of strength (left hand)
 n - a ring of fire (right hand)
 q - a ring of willpower
 w - a ring of positive energy
Scrolls
 a - 2 scrolls of identify {unknown}
 c - 2 scrolls of immolation
 f - a scroll of teleportation
 p - a scroll of magic mapping {unknown}
 t - 2 scrolls of fog {unknown}
 v - a scroll of poison {unknown}
 z - a scroll of brand weapon {unknown}
Potions
 d - a potion of berserk rage {unknown}
 m - a potion of cancellation {unknown}
 o - a potion of magic {unknown}
 r - 2 potions of might
 s - a potion of invisibility {unknown}


   Skills:
 + Level 5.7 Fighting
 + Level 7.6 Maces & Flails
 + Level 4.0 Armour
 + Level 4.7 Dodging
 + Level 0.2 Stealth


You had 6 spell levels left.
You didn't know any spells.
Your spell library was empty.

Dungeon Overview and Level Annotations

Branches:
Dungeon (5/15)
 Temple: D:4-7

Altars:
Vehumet
The Shining One

Shops:
D:2 (

Annotations:
D:4 1 runed translucent door, ShellytheWitch's ghost, amateur KoBr


Innate Abilities, Weirdness & Mutations

You have a pair of horns on your head.
You reflexively headbutt those who attack you in melee.


Message History

You are too injured to fight recklessly!
You are too injured to fight recklessly!
You are too injured to fight recklessly!
You barely miss the iguana.
You headbutt the iguana, but do no damage.
The iguana closely misses you. You furiously retaliate!
You headbutt the iguana! You barely miss the iguana.
The iguana is heavily wounded.
The scorpion barely misses you. You furiously retaliate!
You headbutt the scorpion!
An orc comes into view. It is wielding a +0 trident.
The black bear barely misses you. The black bear closely misses you.
The black bear claws you. The iguana bites you.
The black bear attacks as you move away!
The black bear bites you! The black bear claws you. x2
* * * LOW HITPOINT WARNING * * *
The scorpion stings you.
* * * LOW HITPOINT WARNING * * *
You are lethally poisoned!
The scorpion poisons you! The iguana bites you.
* * * LOW HITPOINT WARNING * * *
The black bear attacks as you move away!
The black bear completely misses you. The black bear claws you.
* * * LOW HITPOINT WARNING * * *
The black bear claws you.
* * * LOW HITPOINT WARNING * * *
x2 You feel very sick.
An orc comes into view. It is wielding a +0 club.
The iguana misses you.
An orc priest comes into view. It is wielding a +0 club.
As you read the scroll of teleportation, it crumbles to dust.
You feel strangely unstable.
* * * LOW HITPOINT WARNING * * *
You feel very sick.
A hound comes into view.
The scorpion closely misses you.
The iguana bites you but does no damage.
The scorpion stings you.
You die...

.................#
.................#
#................#
#.........h......#
##..........r...##
#....>#.o..o.####
..#####.##l..†..#
. #..##.Os..# .#.
#..l@.#
....o...h.......#
###..##...........
##..###.........
#.........
#.........
..........
..........


You could see a black bear, an ogre, a scorpion, 2 iguanas, a hound, an orc
priest, 2 orcs and a quokka.

Vanquished Creatures
  A phantom (D:4)
  4 scorpions (D:4)
  3 hounds
  An orc priest (D:4)
  Crazy Yiuf (D:2)
  2 iguanas (D:4)
  Natasha (twice) (D:4)
  An orc wizard (D:3)
  5 adders
  3 dart slugs
  10 orcs
  5 ball pythons
  4 bats
  7 endoplasms
  4 goblins
  5 hobgoblins (D:2)
  14 jackals
  8 kobolds
  4 quokkas
  5 frilled lizards
  8 rats
97 creatures vanquished.

Notes
Turn   | Place    | Note
-------+----------+-------------------------------------------
     0 | D:1      | Legs the Minotaur Berserker began the quest for the Orb.
     0 | D:1      | Reached XP level 1. HP: 19/19 MP: 0/0
    62 | D:1      | Found a faded altar of an unknown god.
   157 | D:1      | Reached XP level 2. HP: 27/27 MP: 1/1
   219 | D:1      | Reached skill level 4 in Maces & Flails
   618 | D:1      | Reached XP level 3. HP: 31/33 MP: 2/2
   765 | D:2      | Found Ruettien's Weapon Shoppe.
   948 | D:2      | Identified the +4 dire flail of Tevaotz {drain, *Corrode
                  | rC+ Dex+3 SInv}
  1072 | D:2      | Reached ** piety under Trog
  1092 | D:2      | Reached XP level 4. HP: 37/41 MP: 3/3
  1142 | D:2      | Found a runed translucent door.
  1143 | D:2      | Noticed Crazy Yiuf
  1148 | D:2      | Killed Crazy Yiuf
  1812 | D:3      | Reached skill level 5 in Maces & Flails
  1812 | D:3      | Reached XP level 5. HP: 28/47 MP: 4/4
  2218 | D:3      | Found a faded altar of an unknown god.
  2223 | D:3      | Found a radiant altar of Vehumet.
  2727 | D:4      | Reached skill level 6 in Maces & Flails
  2727 | D:4      | Reached XP level 6. HP: 44/55 MP: 5/5
  2897 | D:4      | Reached skill level 5 in Fighting
  2897 | D:4      | Reached *** piety under Trog
  2976 | D:4      | Found a runed translucent door.
  2976 | D:4      | Noticed ShellytheWitch's ghost (amateur KoBr)
  3158 | D:4      | Found a glowing golden altar of the Shining One.
  3322 | D:4      | Reached XP level 7. HP: 61/61 MP: 6/6
  3324 | D:4      | Reached skill level 7 in Maces & Flails
  3402 | D:4      | Noticed Natasha
  3403 | D:4      | Killed Natasha
  3424 | D:4      | Noticed Natasha
  3428 | D:4      | Killed Natasha
  3697 | D:5      | Entered Level 5 of the Dungeon
  3732 | D:5      | HP: 1/62 [poisoned by a scorpion]
  3732 | D:5      | Slain by a scorpion

Illustrated notes

Levels and vault maps discovered:
D:1:      lightli_arrival_flooded_house, layout_basic, basic_ecumenical_altar,
          serial_bayou_pond_d
D:2:      layout_loops_corners, serial_shops, nicolae_shop_scrapyard,
          fountainhead, minmay_pentomino_q4, uniq_crazy_yiuf_cottage
D:3:      layout_rooms, nicolae_overflow_ecumenical_swirl
D:4:      kb_forest_paths, layout_basic, nicolae_overflow_crystal_walls,
          ebering_ghost_sewer_d, serial_park_tiny_2, kennysheep_generic_room_8,
          uniq_natasha
D:5:      layout_rooms, mainiacjoe_overflow_small_starburst,
          lemuel_coloured_pillars_altar, minmay_temple_entry_statues_fountains

Skill      XL: |  1  2  3  4  5  6  7 |
---------------+----------------------+-----
Maces & Flails | 4 5 6 7 |  7.6
Fighting       | 4 5 |  5.7
Dodging        | 3 4 |  4.7
Armour         | 3 4 |  4.0
Stealth        | |  0.2

Action                     |  1- 3 |  4- 6 |  7- 9 || total
---------------------------+-------+-------+-------++-------
  Melee: Mace              |    67 |       |       ||    67
         Headbutt          |     9 |    11 |     4 ||    24
         Dire flail        |    14 |    87 |    19 ||   120
    Use: Scroll            |       |     2 |     1 ||     3
         Potion            |       |     2 |       ||     2
 Armour: Animal skin       |     8 |       |       ||     8
         Leather armour    |    18 |    11 |     4 ||    33
  Dodge: Dodged            |    56 |    43 |    14 ||   113
